 Dungeon Crawl Stone Soup version 0.17.0-23-g0de4337 (console) character file.

81 nht the Cudgeler (level 4, -8/42 HPs)
             Began as an Ogre Enchanter on Nov 14, 2015.
             Mangled by an iguana (11 damage)
             ... on level 3 of the Dungeon.
             The game lasted 00:04:49 (2038 turns).

nht the Cudgeler (Ogre Enchanter)                   Turns: 2038, Time: 00:04:49

Health: -8/42      AC:  5    Str: 14    XL:     4   Next: 42%
Magic:  7/7        EV: 10    Int: 14    God:    Xom [*.....]
Gold:   99         SH:  0    Dex: 10    Spells: 1 memorised, 6 levels left

rFire  . . .     SeeInvis .     a - +1 dagger
rCold  . . .     Clarity  .     b - +1 robe
rNeg   . . .     SustAt   .     (no shield)
rPois  .         Gourm    .     (helmet restricted)
rElec  .         Spirit   .     e - +0 cloak
rCorr  .         Warding  .     (gloves unavailable)
rMut   .         Stasis   .     (boots unavailable)
MR     .....                    (no amulet)
Stlth  ++........               (no ring)
                                (no ring)

@: not resistant to hostile enchantments, unstealthy
A: unfitting armour, tough skin 1
a: Renounce Religion


You were on level 3 of the Dungeon.
You worshipped Xom.
You were a special plaything of Xom.
You were hungry.

You visited 1 branch of the dungeon, and saw 3 of its levels.

You collected 99 gold pieces.

Inventory:

Hand Weapons
 a - a +1 dagger (weapon)
 f - a +0 club
Armour
 b - a +1 robe (worn)
 e - a +0 cloak (worn)
Scrolls
 g - a scroll of identify
 h - a scroll of remove curse
Potions
 j - a potion of brilliance
Books
 c - a book of Maledictions

   Spells                             Type                      Level
   a - Corona                         Hexes                        1
   b - Ensorcelled Hibernation        Hexes/Ice                    2
   c - Confuse                        Hexes                        3
   d - Tukima's Dance                 Hexes                        3
   e - Dazzling Spray                 Conjuration/Hexes            3
Comestibles
 d - a bread ration


   Skills:
 - Level 1.8 Fighting
 - Level 0.5 Short Blades
 + Level 4.6 Maces & Flails
 - Level 1.7 Dodging
 - Level 2.4 Stealth
 - Level 2.4 Spellcasting
 - Level 2.1 Hexes


You had 6 spell levels left.
You knew the following spells:

 Your Spells              Type           Power        Failure   Level  Hunger
a - Corona                Hex            #......      12%         1    #......


Dungeon Overview and Level Annotations

Branches:
Dungeon (3/15)

Altars:
Trog
Xom

Annotations:
D:3 Dustman's ghost, amateur HuGl


Innate Abilities, Weirdness & Mutations

You are too large for most types of armour.
You have tough skin (AC +1).


Message History

* * * LOW HITPOINT WARNING * * *
The orc priest calls down the wrath of Beogh upon you.
Pain shoots through your body!
* * * LOW HITPOINT WARNING * * *
Dustman's ghost screams, "What do you have that I didn't have?"
The rat bites you but does no damage.
You closely miss the rat. The rat barely misses you. The iguana misses you.
You closely miss the rat. The rat bites you but does no damage.
The iguana barely misses you.
You hit the rat.
The rat is severely wounded.
The rat completely misses you. The iguana closely misses you.
You hit the rat.
You kill the rat!
Xom's attention turns to you for a moment.
Your potion of brilliance falls out of your pack, then immediately jumps back in!
You are now a special plaything of Xom.
The iguana bites you!
You die...
Xom howls with laughter!

....██ r █.█ █....
█.█ █/█.████████
█.. █.....█.....
███.
█████.......███
█... ...█..█..███.█
█...
███████.█..█...██.█
█...
......Wo...█......█
█...
██████o██.█.█....██
█... █.██o█.....█<█
██.. █o██@█████.█.█
█.█ █.ol.█
█.█.██████.█


██████ ███+█........█ █......███████ █..........█ █....█...█.█ +.....+.....
█.....█.██... █.█████.. ..██ █. █.█ .█ ███ .█ You could see an iguana, an orc
priest and an orc.

Vanquished Creatures
  2 adders (D:2)
  An ooze (D:2)
  3 worms (D:2)
  2 giant geckos (D:3)
  6 bats
  3 giant cockroaches
  5 hobgoblins
  A ball python (D:1)
  13 giant newts
  5 goblins
  4 kobolds
  7 rats
52 creatures vanquished.

Notes
Turn   | Place    | Note
--------------------------------------------------------------
     0 | D:1      | nht the Ogre Enchanter began the quest for the Orb.
     0 | D:1      | Reached XP level 1. HP: 16/16 MP: 3/3
    47 | D:1      | Reached skill level 1 in Fighting
   405 | D:1      | Reached XP level 2. HP: 26/28 MP: 5/5
   433 | D:1      | Reached skill level 1 in Maces & Flails
  1068 | D:2      | Reached skill level 3 in Maces & Flails
  1068 | D:2      | Reached XP level 3. HP: 10/35 MP: 6/6
  1336 | D:2      | Found a faded altar to an unknown god.
  1369 | D:2      | Became a worshipper of Xom the Capricious
  1463 | D:2      | XOM: silly message
  1521 | D:2      | Reached skill level 4 in Maces & Flails
  1539 | D:2      | Reached XP level 4. HP: 13/42 MP: 7/7
  1961 | D:3      | Found a bloodstained altar of Trog.
  2027 | D:3      | Noticed Dustman's ghost (amateur HuGl)
  2028 | D:3      | XOM: divination: detect creatures
  2030 | D:3      | HP: 2/42 [orc priest/nerve-wracking pain (2)]
  2038 | D:3      | XOM: silly message
  2038 | D:3      | Mangled by an iguana

Action                   |  1- 3 |  4- 6 || total
-------------------------+-------+-------++-------
Melee: Dagger            |   232 |    48 ||   280
  Use: Potion            |     3 |     2 ||     5
       Scroll            |       |     1 ||     1
 Stab: Sleeping          |       |     4 ||     4
  Eat: Chunk             |     2 |     1 ||     3
